AoeStats
← harooooo

Arabia

507833057Analyzed
1v1 RM · 13d ago on Sep 19, 2026· 49m 16s· 2 players
Game mode
Random Map
Map size
Tiny (2 player)
Population
200
Speed
Normal
Resources
Standard
Victory
Conquest
Starting age
Dark Age
Ending age
Imperial Age
RankedLock teamsTeams togetherTeam positionsShared explorationLock speedFull tech treeHidden civsTurbo modeCheats
Victory
Defeat
🇨🇴 Byzantines · Colombia
2050
+11
🇧🇦 Poles · Bosnia & Herzegovina
1928
-11
harooooo
6:19 Loom
6:21 Loom
9:18 Feudal Age
9:36 Man-at-Arms
10:22 Double-Bit Axe
10:21 Horse Collar
17:37 Fletching
19:58 Padded Archer Armor
23:01 Castle Age
22:29 Scale Barding Armor
22:36 Bloodlines
24:04 Bow Saw
23:20 Elite Skirmisher
23:20 Crossbowman
23:57 Bodkin Arrow
24:47 Leather Archer Armor
24:42 Heavy Plow
25:58 Chain Barding Armor
26:16 Husbandry
28:19 Wheelbarrow
27:38 Town Watch
30:18 Forging
34:25 Light Cavalry
36:30 Gold Mining
40:09 Imperial Age
39:58 Ballistics
41:50 Chemistry
40:59 Bracer
45:29 Crop Rotation
49:28 Conscription
VL Tou
6:52 Loom
9:58 Feudal Age
10:44 Double-Bit Axe
10:41 Man-at-Arms
12:39 Horse Collar
16:10 Fletching
18:32 Wheelbarrow
21:49 Castle Age
20:07 Gold Mining
22:40 Bow Saw
21:56 Crossbowman
22:32 Bodkin Arrow
29:35 Imperial Age
28:16 Ballistics
30:19 Bracer
31:46 Chemistry
33:15 Thumb Ring
34:07 Padded Archer Armor
36:58 Arbalester
39:29 Leather Archer Armor
39:29 Hand Cart
40:55 Ring Archer Armor
41:48 Pikeman
42:28 Squires
42:28 Scale Mail Armor
42:38 Forging
45:24 Elite Skirmisher
47:51 Conscription
Connection lost

Rejoining the realm…

Still unreachable

The connection could not be restored.

Session expired

The server has moved on; the page needs a fresh start.